 Dungeon Crawl Stone Soup version 0.26-a0-264-g3a471323bd (webtiles) character file.

Game seed: 1080413627911602693

124 Soiha the Magician (level 4, -4/21 HPs)
             Began as a Spriggan Venom Mage on July 11, 2020.
             Killed by divine providence
             ... invoked by an orc priest
              (16 damage)
             ... on level 2 of the Dungeon.
             The game lasted 00:13:43 (1611 turns).

Soiha the Magician (Spriggan Venom Mage)            Turns: 1611, Time: 00:13:46

Health: -4/21      AC:  2    Str:  4    XL:     4   Next: 81%
Magic:  0/11       EV: 18    Int: 17    God:
Gold:   41         SH:  0    Dex: 16    Spells: 10/11 levels left

rFire    . . .     SeeInvis +   b - +2 hunting sling (freeze)
rCold    . . .     Faith    .   (shield restricted)
rNeg     . . .     Spirit   .   d - +0 robe
rPois    .         Reflect  .   (helmet restricted)
rElec    .         Harm     .   (no cloak)
rCorr    .                      (gloves unavailable)
MR       .....                  (boots unavailable)
Stlth    +++.......             (no amulet)
HPRegen  0.07/turn              (no ring)
MPRegen  0.12/turn              (no ring)

@: very quick
A: very small, unfitting armour, see invisible, herbivore, speed 3, slow
metabolism 2
a: no special abilities


You were on level 2 of the Dungeon.
You were not hungry.

You visited 1 branch of the dungeon, and saw 2 of its levels.

You collected 41 gold pieces.

Inventory:

Hand Weapons
 a - a +4 dagger of venom
 b - a +2 hunting sling of freezing (weapon)
 j - a +0 dagger
Missiles
 i - 10 sling bullets (quivered)
Armour
 d - a +0 robe (worn)
Jewellery
 h - a +6 ring of intelligence {unknown}
Scrolls
 f - 3 scrolls of identify {unknown}
 k - a scroll of teleportation {unknown}
Potions
 e - a potion of invisibility {unknown}
 g - 2 potions of degeneration {unknown}
Comestibles
 c - 2 rations


   Skills:
 + Level 0.1 Short Blades
 + Level 3.2 Dodging
 + Level 3.6 Stealth
 + Level 4.2 Spellcasting
 + Level 2.7 Transmutations
 + Level 4.1 Poison Magic


You had 10 spell levels left.
You knew the following spells:

 Your Spells              Type           Power        Failure   Level
a - Sting                 Tmut/Pois      ###.         3%          1

Your spell library contained the following spells:

 Spells                   Type           Power        Failure   Level
 Poisonous Vapours        Pois/Air       ##....       10%         2
 Ignite Poison            Fire/Tmut/Pois ##......     19%         3
 Mephitic Cloud           Conj/Pois/Air  #.......     26%         3
 Olgreb's Toxic Radiance  Pois           ###.....     28%         4


Dungeon Overview and Level Annotations

Branches:
Dungeon (2/15)

Altars:


Innate Abilities, Weirdness & Mutations

You are very small and have problems with some larger weapons.
You are too small for most types of armour.
You have supernaturally acute eyesight. (SInv)
You are a herbivore.
You cover ground extremely quickly.
You need to consume almost no food.


Message History

Casting: Sting (safe; 3% risk of failure)
Confirm with . or Enter, or press ? or * to list all spells.
You don't have enough magic to cast that spell.
Firing (i - inventory)
i - 12 sling bullets (quivered)
Press: ? - help, Shift-Dir - straight line, f - orc priest
Aim: an orc priest, wielding a +0 mace and wearing a +0 chain mail You shoot a sling bullet.
The sling bullet hits the orc priest.
The sling bullet freezes the orc priest.
The orc priest is moderately wounded.
The orc priest begins to cast a cantrip, but forgets the words!
Firing (i - inventory)
i - 11 sling bullets (quivered)
Press: ? - help, Shift-Dir - straight line, f/p - orc priest
Aim: an orc priest, wielding a +0 mace and wearing a +0 chain mail (moderately wounded)
You shoot a sling bullet.
The sling bullet hits the orc priest but does no damage.
The orc priest is moderately wounded.
The orc priest calls down the wrath of Beogh upon you.
Beogh smites you!
Ouch! That really hurt!
You die...

#.##.#.....#o###.#
#)##.#.#.....###.#
#o##.....#.......#
#.####.##.....####
#...##........#
###o#####..(..#
#####.).# #....o#
#.....### #....o#
#....@#<## #....)####
#........#######.(o...
#........##........##.
#........##..........o
#.........#......(..#.
####......#..>...##.#.
#......#.#######.#.
#.....##. #.#.
######## #...


You could see an orc priest.

Vanquished Creatures
  An orc wizard (D:2)
  Robin (D:2)
  A gnoll (D:1)
  An adder (D:2)
  An ooze (D:1)
  2 dart slugs
  2 leopard geckos (D:1)
  3 orcs (D:2)
  A bat (D:1)
  2 giant cockroaches (D:1)
  12 goblins
  6 hobgoblins
  5 jackals
  3 kobolds
  8 frilled lizards
  2 rats
51 creatures vanquished.

Notes
Turn   | Place    | Note
-------+----------+-------------------------------------------
     0 | D:1      | Soiha the Spriggan Venom Mage began the quest for the Orb.
     0 | D:1      | Reached XP level 1. HP: 9/9 MP: 5/5
   234 | D:1      | Reached XP level 2. HP: 13/13 MP: 4/6
   637 | D:1      | Reached XP level 3. HP: 16/16 MP: 0/8
  1529 | D:2      | Noticed Robin
  1531 | D:2      | Reached XP level 4. HP: 21/21 MP: 7/10
  1596 | D:2      | Killed Robin
  1611 | D:2      | Killed from afar by an orc priest

Illustrated notes

Levels and vault maps discovered:
D:1:      kennysheep_arrival_seaside, layout_basic, minmay_lizard_pond
D:2:      layout_basic, kennysheep_slug_shrine, minmay_hexomino_f4,
          uniq_jessica, uniq_robin

Skill      XL: |  1  2  3  4 |
---------------+-------------+-----
Spellcasting   | 3 4 |  4.2
Transmutations | 2 |  2.7
Poison Magic   | 4 |  4.1
Short Blades   | |  0.1
Dodging        | |  3.2
Stealth        | |  3.6

Action                   |  1- 3 |  4- 6 || total
-------------------------+-------+-------++-------
Melee: Dagger            |    30 |     2 ||    32
       Unarmed           |     1 |       ||     1
 Fire: Hunting sling     |     3 |    14 ||    17
 Cast: Sting             |    56 |    15 ||    71
 Stab: Sleeping          |     1 |       ||     1
Armor: Robe              |     3 |     2 ||     5
Dodge: Dodged            |    27 |     6 ||    33

Table legend:
 A = Non-vault XP
 B = Vault XP
 C = Vault XP percentage of total XP
 D = Non-vault monster count
 E = Vault monster count
 F = Vault count percentage of total count
                 A         B        C        D         E       F
            +---------+---------+-------+---------+---------+-------
      Total |     141 |      37 |  20.8 |      35 |      16 |  31.4
            +---------+---------+-------+---------+---------+-------
        D:1 |      69 |       7 |   9.2 |      25 |       7 |  21.9
        D:2 |      72 |      30 |  29.4 |      10 |       9 |  47.4
            +---------+---------+-------+---------+---------+-------
